 Dungeon Crawl Stone Soup version 0.32-a0-613-g40f424ee2b (webtiles) character file.

Game seed: 5869742437959421560

1450972 grothendieck the Bane of Scribes (level 26, 259/259 HPs)
             Began as a Mountain Dwarf Berserker on Mar 5, 2024.
             Was the Champion of Trog.
             Escaped with the Orb
             ... and 3 runes on Mar 7, 2024!
             The game lasted 07:16:27 (96334 turns).

grothendieck the Bane of Scribes (MDBe)            Turns: 96334, Time: 07:16:28

Health: 259/259    AC: 45    Str: 29    XL:     26   Next: 65%
Magic:  39/39      EV: 19    Int: 15    God:    Trog [******]
Gold:   2591       SH: 15    Dex: 12    Spells: 25/25 levels left

rFire   + + +        a - +9 broad axe of the Hugging Gods {freeze, Fly rC+ rN+}
rCold   + + .        z - +0 kite shield {rN+}
rNeg    + + +        J - +11 gold dragon scales
rPois   +            V - +2 hat "Intipt" {Slay+3}
rElec   +            Y - scarf {repulsion}
rCorr   .            W - +2 pair of gloves {Dex+3}
SInv    +            k - +2 pair of boots
Will    +++..        d - amulet of Oqaitaxo {rPois rF+ Regen+} Stlth
                     q - ring "Peqile" {rElec EV+5 Int+4 Slay+3 SInv}
HPRegen 1.43/turn    U - ring of Oggiaw Hong {rN++ Will+ EV+5}
MPRegen 0.26/turn

%: repel missiles
@: flying, hasted, very quick
A: runic magic, artefact enchanting, horns 1, fire resistance 1, inability to
read after injury 2
0: Orb of Zot
}: 3/15 runes: barnacled, silver, gossamer
a: Renounce Religion, Berserk, Trog's Hand, Brothers in Arms


You escaped.
You worshipped Trog.
Trog was exalted by your worship.
You visited 11 branches of the dungeon, and saw 51 of its levels.
You also visited: Gauntlet, Ice Cave and Volcano.

You collected 8004 gold pieces.
You spent 5413 gold pieces at shops.

Inventory:

Hand Weapons
 a - the +9 broad axe of the Hugging Gods (weapon) {freeze, Fly rC+ rN+}
   (You took it off a merfolk aquamancer on level 4 of the Shoals)

   rC+:       It protects you from cold.
   rN+:       It protects you from negative energy.
   Fly:       It grants you flight.
Missiles
 l - 13 throwing nets {!f}
 p - 12 curare-tipped darts {!f}
 u - 13 silver javelins
 P - 17 javelins (quivered)
 Q - 53 boomerangs
 T - 7 darts of dispersal {!f}
Armour
 k - a +2 pair of boots (worn)
 y - the +2 helmet of Eclajofo {Will++ Slay+3}
   (You found it on level 1 of the Shoals)

   Slay+3:    It affects your accuracy & damage with ranged weapons and melee
   (+3).
   Will++:    It greatly increases your willpower.
 z - a +0 kite shield of positive energy (worn)
 J - +11 gold dragon scales (worn)
 V - the +2 hat "Intipt" (worn) {Slay+3}
   (You found it on level 4 of the Spider Nest)

   Slay+3:    It affects your accuracy & damage with ranged weapons and melee
   (+3).
 W - a +2 pair of gloves of dexterity (worn)
 Y - a scarf of repulsion (worn)
Jewellery
 d - the amulet of Oqaitaxo (around neck) {rPois rF+ Regen+}
   (You bought it in a shop on level 1 of the Elven Halls)

   [amulet of regeneration]

   rF+:       It protects you from fire.
   rPois:     It protects you from poison.
   Regen+:    It increases your rate of health regeneration.
 q - the ring "Peqile" (left hand) {rElec EV+5 Int+4 Slay+3 SInv}
   (You acquired it on level 2 of the Shoals)

   [ring of evasion]

   EV+5:      It affects your evasion (+5).
   Int+4:     It affects your intelligence (+4).
   Slay+3:    It affects your accuracy & damage with ranged weapons and melee
   (+3).
   rElec:     It insulates you from electricity.
   SInv:      It lets you see invisible.
 r - the ring "Ycen" {rPois rF+ Will+ Dex+5}
   (You bought it in a shop on level 4 of the Depths)

   [ring of poison resistance]

   Dex+5:     It affects your dexterity (+5).
   rF+:       It protects you from fire.
   rPois:     It protects you from poison.
   Will+:     It increases your willpower.
 x - the ring of Youthful Indiscretion {rElec rPois rCorr AC+4 Int-3}
   (You took it off a vault guard on level 5 of the Vaults)

   [ring of protection]

   AC+4:      It affects your AC (+4).
   Int-3:     It affects your intelligence (-3).
   rElec:     It insulates you from electricity.
   rPois:     It protects you from poison.
   rCorr:     It protects you from acid and corrosion.
 E - the ring of the Tortoise {AC+8}
   (You found it in a Gauntlet)

   [ring of protection]

   AC+8:      It affects your AC (+8).
 U - the ring of Oggiaw Hong (right hand) {rN++ Will+ EV+5}
   (You acquired it on level 13 of the Dungeon)

   [ring of evasion]

   EV+5:      It affects your evasion (+5).
   rN++:      It greatly protects you from negative energy.
   Will+:     It increases your willpower.
Wands
 b - a wand of digging (17)
 w - a wand of acid (19)
 K - a wand of roots (54)
 N - a wand of paralysis (16)
 X - a wand of mindburst (60)
Scrolls
 f - 9 scrolls of fear
 g - 8 scrolls of fog
 i - 13 scrolls of immolation {!r}
 s - 2 scrolls of butterflies
 t - 16 scrolls of teleportation
 v - 11 scrolls of vulnerability {!r}
 B - 4 scrolls of blinking
 R - a scroll of revelation
 S - 3 scrolls of silence
Potions
 c - 22 potions of curing
 h - 11 potions of heal wounds
 j - 7 potions of resistance
 m - 8 potions of might
 n - 8 potions of attraction {!q}
 o - 5 potions of ambrosia
 C - 5 potions of cancellation
 F - 7 potions of enlightenment
 H - 8 potions of haste
 I - 6 potions of invisibility
 L - 8 potions of lignification {!q}
Miscellaneous
 A - a phial of floods
 D - a sack of spiders
 G - a lightning rod (4/4)
 O - a phantom mirror
 Z - a tin of tremorstones (2/2)


   Skills:
 - Level 25.4 Fighting
 + Level 18.5 Axes
 + Level 13.8 Throwing
 + Level 22.3 Armour
 + Level 6.3 Dodging
 + Level 20.3 Shields
 - Level 25.5 Invocations
 + Level 17.0 Evocations


You had 25 spell levels left.
You didn't know any spells.
Your spell library contained the following spells:

 Spells                   Type           Power      Damage    Failure   Level
 Foxfire                  Conj/Fire      0%         2x1d4     50%         1
 Freeze                   Ice            0%         1d3       50%         1
 Kiss of Death            Conj/Necr      0%         2d5       50%         1
 Magic Dart               Conj           0%         1d3       50%         1
 Blink                    Tloc           0%         N/A       63%         2
 Call Imp                 Summ           0%         N/A       63%         2
 Cigotuvi's Dreadful Rot  Necr/Alch/Air  0%         N/A       63%         2
 Ensorcelled Hibernation  Hex/Ice        0%         N/A       63%         2
 Jinxbite                 Hex            0%         N/A       63%         2
 Lesser Beckoning         Tloc           0%         N/A       63%         2
 Mercury Vapours          Alch/Air       0%         N/A       63%         2
 Momentum Strike          Conj/Tloc      0%         3d8       63%         2
 Searing Ray              Conj           0%         2d4       63%         2
 Static Discharge         Conj/Air       0%         3-3/arc   63%         2
 Sublimation of Blood     Necr           0%         N/A       63%         2
 Confusing Touch          Hex            0%         N/A       86%         3
 Dazzling Flash           Conj/Hex       0%         N/A       86%         3
 Frozen Ramparts          Ice            0%         1d1       86%         3
 Fugue of the Fallen      Necr           0%         N/A       86%         3
 Gell's Gravitas          Tloc           0%         N/A       86%         3
 Hailstorm                Conj/Ice       0%         3d5       86%         3
 Inner Flame              Hex/Fire       0%         N/A       86%         3
 Mephitic Cloud           Conj/Alch/Air  0%         N/A       86%         3
 Ozocubu's Armour         Ice            0%         N/A       86%         3
 Passwall                 Erth           0%         N/A       86%         3
 Stone Arrow              Conj/Erth      0%         3d7       86%         3
 Summon Ice Beast         Ice/Summ       0%         N/A       86%         3
 Swiftness                Air            0%         N/A       86%         3
 Teleport Other           Tloc           0%         N/A       86%         3
 Tukima's Dance           Hex            0%         N/A       86%         3
 Vampiric Draining        Necr           0%         2d6       86%         3
 Volatile Blastmotes      Fire/Tloc      0%         2d10      86%         3
 Airstrike                Air            0%         2d(0-16)  99%         4
 Anguish                  Hex/Necr       0%         N/A       99%         4
 Animate Armour           Summ/Erth      0%         N/A       99%         4
 Animate Dead             Necr           0%         N/A       99%         4
 Dispel Undead            Necr           0%         3d6       99%         4
 Flame Wave               Conj/Fire      0%         2d4       99%         4
 Fulminant Prism          Conj/Alch      0%         3d5       99%         4
 Ignite Poison            Fire/Alch      0%         N/A       99%         4
 Iskenderun's Mystic Bla  Conj/Tloc      0%         2d3       99%         4
 Manifold Assault         Tloc           0%         N/A       99%         4
 Martyr's Knell           Necr/Summ      0%         N/A       99%         4
 Passage of Golubria      Tloc           0%         N/A       99%         4
 Petrify                  Alch/Erth      0%         N/A       99%         4
 Summon Blazeheart Golem  Fire/Summ      0%         N/A       99%         4
 Summon Lightning Spire   Summ/Air       0%         N/A       99%         4
 Curse of Agony           Necr           0%         N/A       100%        5
 Freezing Cloud           Conj/Ice/Air   0%         6-21      100%        5
 Irradiate                Conj/Alch      0%         3d11      100%        5
 Lee's Rapid Deconstruct  Erth           0%         3d4*      100%        5
 Silence                  Hex/Air        0%         N/A       100%        5
 Yara's Violent Unravell  Hex/Alch       0%         3d3       100%        5
 Death Channel            Necr           0%         N/A       100%        6
 Dispersal                Tloc           0%         N/A       100%        6
 Plasma Beam              Fire/Air       0%         2x1d10    100%        6
 Sculpt Simulacrum        Ice/Alch       0%         N/A       100%        6
 Summon Cactus Giant      Summ           0%         N/A       100%        6
 Enfeeble                 Hex            0%         N/A       100%        7
 Haunt                    Necr/Summ      0%         N/A       100%        7
 Malign Gateway           Summ/Tloc      0%         N/A       100%        7
 Summon Hydra             Summ           0%         N/A       100%        7
 Borgnjor's Revivificati  Necr           0%         N/A       100%        8
 Disjunction              Tloc           0%         N/A       100%        8
 Ignition                 Fire           0%         3d3       100%        8
 Infestation              Necr           0%         N/A       100%        8
 Summon Horrible Things   Summ           0%         N/A       100%        8
 Death's Door             Necr           0%         N/A       100%        9


Dungeon Overview and Level Annotations

Branches:
Dungeon (15/15)            Temple (1/1) D:7            Lair (5/5) D:11
 Shoals (4/4) Lair:2       Spider (4/4) Lair:2        Slime (0/5) Lair:5
    Orc (2/2) D:12            Elf (3/3) Orc:2        Vaults (5/5) D:13
  Crypt (3/3) Vaults:2       Tomb (0/3) Crypt:3      Depths (4/4) D:15
    Zot (5/5) Depths:4      IceCv (visited)         Volcano (visited)
Gauntlet (visited)

Altars:
Ashenzari
Cheibriados
Dithmenos
Elyvilon
Fedhas
Gozag
Hepliaklqana
Kikubaaqudgha
Makhleb
Nemelex Xobeh
Okawaru
Qazlal
Ru
Sif Muna
Trog
Vehumet
Wu Jian
Xom
Yredelemnul
Zin
The Shining One
Jiyva

Shops:
D:5 ?   D:6 *=   D:11 *   D:15 (   Orc:2 [![!   Elf:1 *   Vaults:1 =[:*
Depths:4 :=:

Portals:
Hell: Lair:5 Depths:1 Depths:2 Depths:3 Depths:4
Abyss: Depths:1 Depths:2 Depths:3
Pandemonium: Depths:2
Ziggurat: Depths:1

Annotations:
D:1 Crazy Yiuf
Elf:2 4 runed translucent doors, exclusion: 4 doors, Qitta's ghost, adept TrFi
Vaults:4 2 runed translucent doors, exclusion: 2 doors, Eldin's ghost, veteran DEHW; Zotwa's ghost, adept GnSk
Vaults:5 Sojobo


Innate Abilities, Weirdness & Mutations

Your spellcasting is much less encumbered by armour.
You can use scrolls of enchantment on lesser artefacts.
You have a pair of small horns on your head.
Your flesh is heat resistant. (rF+)
You sometimes lose the ability to read scrolls when taking damage.


Message History

Level annotation: 1 runed translucent door, Crazy Yiuf
There is a stone staircase leading down here.
Crazy Yiuf shouts!
You see here a +0 hammer.
You see here a +0 hammer.
You see here a +0 hammer.
You feel yourself speed up.
You reach down and open the door.
You see here a +0 hammer.
You see here a +0 hammer.
You see here a +0 hammer.
Unknown command.
Your extra speed is starting to run out.
You feel yourself slow down.
Press: ? - help, v - describe, . - travel
Here: Crazy Yiuf, wielding a +4 quarterstaff of chaos and wearing a +0 cloak The floor.
Unknown command.
There is a stone staircase leading up here.
Okay, then.
You feel yourself speed up. You block Crazy Yiuf's attack.
You fly upwards.
There is a stone staircase leading down here.
Crazy Yiuf is nearby!
Aiming: Dig
Press: ? - help, Shift-Dir - straight line A rock wall.
This square is covered in magical glow.
The rock shatters into small pieces.
Crazy Yiuf says, "You found it!"
Crazy Yiuf says, "You came back for me."
Press: ? - help, v - describe, . - travel
Here: Crazy Yiuf, wielding a +4 quarterstaff of chaos and wearing a +0 cloak The floor.
Crazy Yiuf is nearby!
Crazy Yiuf says, "Wait for me!"
There is a staircase leading out of the dungeon here.
Crazy Yiuf says, "You came back for me."
You have escaped!

# #....##.........#.......###....
# #....#####.####.####....# #..##
###.......................###.÷##
...g####.##########..............
#####.............#####........##
#.......##.####.......########.##
.....###.......###......## #.##
..###.............###...^# #.##
.#......#####.#g@....#...#####.##
#.....### ##.##.....#...#....##
#....## #####....#...#....##
#....## ##....#...'....##
#.....### ###.....#...#......
.#.....)#######......#...##......
..###.............###....#.#+####
.....###.......###......##.......
#.......#######.......######.##..


You could see Crazy Yiuf.

Vanquished Creatures
  5 dread liches
  5 orbs of fire
  Mara (Elf:3)
  3 ancient liches
  Xtahua (Depths:4)
  8 Killer Klowns (Zot:5)
  Josephina (Crypt:2)
  Bai Suzhen (Crypt:1)
  Saint Roka (Vaults:5)
  6 golden dragons
  Nikola (Shoals:2)
  6 curse toes
  3 electric golems
  2 bone dragons
  A shard shrike zombie (Crypt:3)
  22 tentacled monstrosities
  26 Orb Guardians
  2 deep elf blademasters (Elf:3)
  6 liches
  7 titans (Vaults:5)
  7 krakens
  Asterion (Elf:2)
  A deep elf master archer (Elf:3)
  6 quicksilver dragons
  7 death cobs
  9 sphinxes
  Polyphemus (Shoals:3)
  5 ancient champions
  9 shadow dragons
  9 tengu reavers
  2 revenants
  5 fire giants
  4 draconian monks
  8 storm dragons
  3 frost giants
  3 draconian scorchers
  5 protean progenitors
  The ghost of nakedcarnage the Severer, an adept OpWn of Uskayaw (Orc:2)
  6 ghost moths
  A draconian knight (Zot:3)
  6 deep elf sorcerers
  13 vault wardens
  10 emperor scorpions
  A curse skull (Crypt:1)
  7 deep elf elementalists
  3 ghouls
  2 draconian stormcallers (Zot:1)
  2 orc warlords
  5 spriggan defenders
  19 very ugly things
  15 ironbound preservers
  2 caustic shrike zombies (Crypt:3)
  10 stone giants
  2 quicksilver oozes (Zot:2)
  3 reapers (Crypt:3)
  3 broodmothers
  4 green draconians
  The ghost of Datibyd the Earth Mage, a journeyman GrEE of Sif Muna (Shoals:1)
  A formless jellyfish (Shoals:4)
  4 ironbound thunderhulks
  3 vampire knights
  A caustic shrike skeleton (Crypt:2)
  6 black draconians
  A war gargoyle (Vaults:4)
  5 deep elf demonologists
  13 deep elf annihilators
  13 deep elf death magi
  Azrael (Elf:2)
  A minotaur (Gauntlet)
  2 red draconians
  9 purple draconians
  2 bunyips
  2 white draconians
  14 spark wasps
  12 dire elephants
  8 ettins
  9 fire dragons
  A blizzard demon (Depths:3)
  13 eidola
  4 yellow draconians
  The ghost of Venlufeh the Cleaver, a journeyman CoGl of Qazlal (Orc:1)
  6 deep elf high priests
  11 yaktaur captains
  4 jiangshi (Crypt:1)
  14 merfolk impalers
  A mummy priest (Crypt:3)
  7 merfolk javelineers
  4 crystal guardians
  Harold (D:9)
  A rakshasa (Depths:3)
  28 vault guards
  15 entropy weavers
  3 great orbs of eyes
  A spriggan air mage (Depths:4)
  2 jorogumos
  6 hydras
  6 death knights
  Erica (D:8)
  4 alligator snapping turtles
  3 ogre magi
  2 peacekeepers
  2 catoblepae
  3 anacondas (Depths:2)
  2 hell beasts (Depths:2)
  19 two-headed ogres
  5 merfolk avatars
  12 ironbound frosthearts
  4 radroaches
  11 dancing weapons
  11 ice dragons
  7 merfolk aquamancers
  11 boulder beetles
  14 centaur warriors
  7 demonic crawlers
  3 vampire magi
  5 deep troll shamans
  3 deep troll earth magi (Depths:3)
  9 death yaks
  10 tengu warriors
  A hell hog (Depths:2)
  4 occultists
  A thrashing horror (Gauntlet)
  2 spriggan berserkers (Depths:4)
  A sun demon (Lair:5)
  8 soul eaters
  5 orc high priests
  7 deep elf knights
  11 hell knights
  15 skeletal warriors (Crypt:1)
  A bunyip zombie (Crypt:3)
  A titan skeleton (Vaults:2)
  8 pharaoh ants
  3 skysharks
  A skyshark (shapeshifter) (Depths:4)
  4 iron trolls
  9 orb spiders
  2 spriggan druids (Depths:2)
  6 flayed ghosts
  2 spark wasp zombies
  44 deep trolls
  A glowing orange brain (shapeshifter) (Vaults:5)
  An orange crystal statue (D:11)
  6 sea snakes
  3 glowing orange brains
  12 lindwurms
  17 phantasmal warriors
  An iron giant skeleton (Crypt:3)
  17 ironbound convokers
  13 harpies
  9 arcanists
  An obsidian statue (D:11)
  6 steelbarb worms
  7 deep elf archers
  A bunyip skeleton (Crypt:3)
  2 bog bodies (Crypt:2)
  3 thermic dynamos
  A golden dragon skeleton (Crypt:3)
  A harpy (shapeshifter) (D:14)
  19 necromancers
  13 orc knights
  22 deep elf pyromancers
  35 ugly things
  12 deep elf zephyrmancers
  6 fauns
  22 wolf spiders
  7 orc sorcerers
  2 shining eyes (shapeshifter) (Depths:2)
  A stone giant zombie (Crypt:3)
  A tengu skeleton (Vaults:2)
  17 elephants
  6 cyclopes
  16 manticores
  4 meliai
  31 moths of wrath
  A rust devil (D:9)
  A shock serpent zombie (Crypt:2)
  8 merfolk sirens
  3 toenail golems (Volcano)
  7 black mambas
  A smoke demon (Lair:5)
  9 water nymphs
  3 elf zombies
  3 gargoyles
  6 torpor snails
  16 vault sentinels
  3 spriggan zombies
  An ice statue (Gauntlet)
  9 rime drakes
  2 orange demons (Lair:5)
  18 cane toads
  A titan simulacrum (Crypt:2)
  A centaur skeleton (Crypt:3)
  An unseen horror (D:10)
  An alligator snapping turtle skeleton (Crypt:3)
  A naga skeleton (Crypt:3)
  Maggie (D:7)
  2 kobold demonologists (D:10)
  15 komodo dragons
  2 efreet (D:14)
  29 yaktaurs
  A tormentor (Zot:5)
  3 guardian mummies (Crypt:3)
  6 tengu conjurers
  3 harpy zombies
  6 freezing wraiths
  3 ice devils
  A merfolk (shapeshifter) (Vaults:5)
  2 hydra zombies (Crypt:3)
  A polar bear (shapeshifter) (D:14)
  A red devil (Lair:5)
  A yaktaur skeleton (Vaults:2)
  37 merfolk
  15 hornets
  13 hellwings (Crypt:3)
  3 polar bears
  23 tarantellas
  4 trolls
  2 harpy skeletons (Crypt:3)
  13 wind drakes
  2 boulder beetle zombies (Crypt:2)
  Grinder (D:4)
  A frost giant simulacrum (Depths:1)
  A tarantella (shapeshifter) (D:14)
  A glass eye (Depths:2)
  16 blink frogs
  An ettin zombie (Crypt:1)
  A culicivora zombie (Crypt:1)
  4 dream sheep
  7 snapping turtles
  Sigmund (D:3)
  3 centaur simulacra
  27 culicivoras
  22 slime creatures
  An ettin skeleton (Crypt:3)
  A black mamba zombie (Crypt:3)
  4 spriggans
  30 jumping spiders
  8 air elementals
  A naga simulacrum (Crypt:2)
  A spriggan (shapeshifter) (Vaults:5)
  6 wyverns
  A wyvern (shapeshifter) (D:13)
  17 water elementals
  3 fire elementals (Elf:2)
  3 humans (Volcano)
  8 basilisks
  Grum (D:9)
  10 wraiths
  2 steam dragons
  38 yaks
  A yaktaur simulacrum (Vaults:3)
  A black mamba skeleton (Crypt:3)
  A warg (Orc:2)
  80 redbacks
  A human simulacrum (Vaults:3)
  19 vampire mosquitoes
  2 ogre zombies (Vaults:3)
  An acid dragon (D:11)
  4 small abominations (Gauntlet)
  6 hell hounds
  18 water moccasins
  Duvessa (D:6)
  A culicivora (shapeshifter) (Depths:1)
  24 orc warriors
  5 black bears
  2 ice beasts (D:6)
  An ice beast (shapeshifter) (D:14)
  12 ogres
  2 wolves (D:9)
  14 boggarts
  A phantom (D:5)
  4 centaurs
  A manticore skeleton (Crypt:2)
  4 kobold brigands
  18 bullfrogs
  3 gnoll sergeants
  Blork the orc (D:6)
  2 earth elementals
  7 scorpions
  A komodo dragon skeleton (Crypt:1)
  A warg skeleton (Crypt:1)
  7 wyvern skeletons (Crypt:3)
  Dowan (D:6)
  A tengu zombie (Depths:1)
  11 killer bees
  2 lindwurm simulacra (IceCv)
  4 howler monkeys
  4 electric eels
  4 bombardier beetles
  8 komodo dragon simulacra (IceCv)
  A basilisk zombie (Crypt:2)
  2 jellies
  A gnoll bouda (D:6)
  3 hounds
  A black bear skeleton (Crypt:1)
  A bullfrog skeleton (Crypt:2)
  14 orc priests
  3 sleepcaps
  29 orc wizards
  Terence (D:2)
  2 iguanas
  19 gnolls
  6 acid dragon simulacra (IceCv)
  5 adders
  A steam dragon skeleton (Crypt:2)
  13 white imps
  6 ufetubi
  5 steam dragon simulacra (IceCv)
  A lava snake skeleton (Crypt:1)
  4 ribbon worms
  A dart slug (D:2)
  65 orcs
  4 ball pythons
  3 bats
  4 endoplasms
  4 giant cockroaches
  6 goblins
  3 hobgoblins (D:1)
  10 quokkas
  A frilled lizard (D:2)
  A goblin zombie (Crypt:1)
  16 kobolds
  3 rats
  A rat zombie (Crypt:2)
  An aspiring flesh (Zot:4)
  27 tentacles (Shoals:2)
2200 creatures vanquished.

Vanquished Creatures (collateral kills)
  Jory (Vaults:4)
  the Enchantress (Depths:4)
  A lich (Depths:4)
  A titan (Vaults:3)
  A tengu reaver (Vaults:5)
  Donald (Vaults:2)
  An emperor scorpion (Spider:2)
  A vault warden (Vaults:2)
  An orc warlord (Vaults:3)
  2 ironbound preservers
  An ironbound thunderhulk (Vaults:3)
  2 entropy weavers (Spider:2)
  A hydra (Depths:2)
  A radroach (Spider:2)
  An ironbound frostheart (Vaults:3)
  2 dancing weapons
  A spriggan berserker (Depths:4)
  3 deep trolls (Vaults:3)
  An orb spider (Spider:2)
  A glowing orange brain (Vaults:1)
  An orc knight (Vaults:3)
  A merfolk siren (Shoals:2)
  2 ice statues (IceCv)
  A moth of wrath (Spider:2)
  2 toenail golems (Volcano)
  A vault sentinel (Vaults:3)
  A troll (D:11)
  3 slime creatures (Vaults:1)
  A shadow (D:11)
  A human (Volcano)
  3 redbacks (Spider:2)
42 creatures vanquished.

Vanquished Creatures (others)
  An electric golem (Zot:2)
  A storm dragon (Zot:2)
  A draconian stormcaller (Zot:2)
  A black draconian (Zot:2)
  2 red draconians (Zot:2)
  A moth of wrath (Spider:1)
  A jumping spider zombie (Crypt:1)
  A centaur simulacrum (Crypt:2)
  A human (Volcano)
  A water elemental (Shoals:4)
  An orc priest (Orc:2)
  A goblin skeleton (Crypt:1)
  A spectral weapon (Elf:2)
  52 tentacles (Shoals:2)
66 creatures vanquished.

Grand Total: 2308 creatures vanquished

Notes
Turn   | Place    | Note
-------+----------+-------------------------------------------
     0 | D:1      | grothendieck the Mountain Dwarf Berserker began the quest
                  | for the Orb.
     0 | D:1      | Reached XP level 1. HP: 19/19 MP: 1/1
   310 | D:1      | Reached XP level 2. HP: 20/26 MP: 2/2
   505 | D:1      | Found a faded altar of an unknown god.
  1175 | D:2      | Reached XP level 3. HP: 26/33 MP: 3/3
  1415 | D:2      | Reached skill level 5 in Axes
  1512 | D:2      | Noticed Terence
  1532 | D:2      | Killed Terence
  1533 | D:2      | Reached XP level 4. HP: 40/40 MP: 4/4
  1661 | D:2      | Found a runed translucent door.
  1661 | D:2      | Identified the +9 hammer "Erhiboit" {heavy, rF+ rC- Dex+6
                  | SInv}
  1663 | D:2      | Identified the +12 hammer "Zahun" {flame, ^Fragile Dex+5}
  1666 | D:2      | Noticed Crazy Yiuf
  1676 | D:2      | Identified the +0 hammer of Urraru {holy, rElec rC+ SInv}
  2002 | D:3      | Noticed Sigmund
  2288 | D:3      | Killed Sigmund
  2289 | D:3      | Reached skill level 5 in Fighting
  2289 | D:3      | Reached XP level 5. HP: 48/48 MP: 5/5
  2289 | D:3      | Reached XP level 6. HP: 56/56 MP: 6/6
  2512 | D:3      | Reached ** piety under Trog
  2972 | D:4      | Noticed Grinder
  3126 | D:5      | Entered Level 5 of the Dungeon
  3300 | D:4      | Reached XP level 7. HP: 29/62 MP: 7/7
  3621 | D:4      | Killed Grinder
  3802 | D:5      | Found a white marble altar of Elyvilon.
  4075 | D:5      | Found Koxudal's Magic Scroll Shop.
  4085 | D:5      | Bought a scroll of teleportation for 30 gold pieces
  4097 | D:5      | Bought a scroll of fear for 40 gold pieces
  4097 | D:5      | Bought a scroll of identify for 20 gold pieces
  4097 | D:5      | Bought a scroll of noise for 10 gold pieces
  4577 | D:5      | Found a glowing silver altar of Zin.
  4614 | D:5      | Found an ornate altar of the Wu Jian Council.
  4614 | D:5      | Found a stormy altar of Qazlal.
  4701 | D:5      | Reached XP level 8. HP: 66/71 MP: 8/8
  4974 | D:4      | Reached skill level 10 in Axes
  5010 | D:6      | Found Gointargh's Overcharged Wands.
  5182 | D:6      | Noticed Duvessa
  5189 | D:6      | Noticed Dowan
  5731 | D:6      | Killed Duvessa
  5958 | D:6      | Found a burning altar of Makhleb.
  6019 | D:6      | Killed Dowan
  6154 | D:6      | Noticed Blork the orc
  6334 | D:6      | Found Yrucvim's Jewellery Shop.
  6362 | D:7      | Noticed a two-headed ogre
  6363 | D:7      | Noticed a two-headed ogre
  6364 | D:7      | Noticed a gargoyle
  6366 | D:7      | Noticed a two-headed ogre
  6463 | D:7      | Noticed Maggie
  6474 | D:7      | Killed Maggie
  6475 | D:7      | Reached XP level 9. HP: 52/81 MP: 9/9
  6617 | D:6      | Killed Blork the orc
  6805 | D:7      | Found a sacrificial altar of Ru.
  6857 | D:7      | Noticed a cyclops
  6873 | D:7      | Killed a cyclops
  6989 | D:7      | Found a basalt altar of Yredelemnul.
  7039 | D:7      | Found a glowing golden altar of the Shining One.
  7116 | D:6      | Killed a gargoyle
  7117 | D:6      | Reached skill level 5 in Armour
  7232 | D:7      | Reached *** piety under Trog
  7280 | D:7      | Killed a two-headed ogre
  7281 | D:7      | Reached XP level 10. HP: 64/91 MP: 10/10
  7417 | D:7      | Found the +6 shillelagh "Devastator" {shatter}
  7526 | D:7      | Killed a two-headed ogre
  7780 | D:7      | Found a broken altar of Ashenzari.
  7789 | D:7      | Killed a two-headed ogre
  8182 | D:7      | Found a staircase to the Ecumenical Temple.
  8225 | D:7      | Found a hazy altar of Hepliaklqana.
  8365 | D:7      | Found a faded altar of an unknown god.
  8614 | D:8      | Reached skill level 10 in Fighting
  8680 | D:8      | Found a blossoming altar of Fedhas.
  8692 | D:8      | Noticed Erica
  9283 | D:9      | Reached skill level 1 in Shields
  9632 | D:9      | Noticed Grum
  9636 | D:9      | Reached skill level 15 in Axes
  9737 | D:9      | Killed Grum
  9867 | D:9      | Noticed Harold
  9878 | D:9      | Killed Harold
 10001 | D:9      | Reached XP level 11. HP: 90/101 MP: 11/11
 10123 | D:10     | Entered Level 10 of the Dungeon
 10277 | D:10     | Noticed a two-headed ogre
 10496 | D:10     | Reached **** piety under Trog
 11338 | D:9      | Reached skill level 5 in Shields
 11771 | D:10     | Killed a two-headed ogre
 11936 | D:11     | Noticed a two-headed ogre
 11961 | D:11     | Killed a two-headed ogre
 12236 | D:11     | Found a gate leading to a gauntlet.
 12245 | Gauntlet | Entered a Gauntlet
 12245 | Gauntlet | Found a transporter.
 12247 | Gauntlet | Noticed a tengu warrior
 12293 | Gauntlet | Found a transporter.
 12304 | Gauntlet | Found a transporter.
 12307 | Gauntlet | Found a transporter.
 12309 | Gauntlet | Noticed a death scarab
 12315 | Gauntlet | Found a transporter.
 12324 | Gauntlet | Noticed a death scarab
 12331 | Gauntlet | Found a transporter.
 12331 | Gauntlet | Noticed a hell hog
 12338 | Gauntlet | Noticed a green ugly thing
 12342 | Gauntlet | Found a transporter.
 12345 | Gauntlet | Noticed a glowing orange brain
 12347 | Gauntlet | Noticed a glowing orange brain
 12351 | Gauntlet | Noticed a thrashing horror
 12352 | Gauntlet | Found the ring of the Tortoise {AC+8}
 12353 | Gauntlet | Found a transporter.
 12358 | Gauntlet | Found a transporter.
 12358 | Gauntlet | Found a transporter.
 12386 | Gauntlet | Found a transporter.
 12386 | Gauntlet | Found a transporter.
 12435 | Gauntlet | Noticed a red ugly thing
 12438 | Gauntlet | Found a transporter.
 12455 | Gauntlet | Found a transporter.
 12576 | Gauntlet | Killed a tengu warrior
 12971 | Gauntlet | Reached XP level 12. HP: 97/110 MP: 12/12
 13118 | Gauntlet | Identified the +5 mace of Agotoh {drain, rCorr Str+3 Dex+4}
 13118 | Gauntlet | Noticed a minotaur
 13141 | Gauntlet | Killed a minotaur
 13540 | D:11     | Found a staircase to the Lair.
 13668 | D:11     | Found Vouman's General Store.
 13677 | D:11     | Bought a potion of heal wounds for 65 gold pieces
 13855 | Lair:1   | Entered Level 1 of the Lair of Beasts
 14568 | Lair:1   | Reached ***** piety under Trog
 15084 | Lair:2   | Reached skill level 10 in Shields
 15645 | Lair:2   | Noticed a six-headed hydra
 15651 | Lair:2   | Killed a six-headed hydra
 15968 | Lair:2   | Reached XP level 13. HP: 109/119 MP: 13/13
 16486 | Lair:2   | Found a hole to the Spider Nest.
 16902 | Lair:2   | Found a staircase to the Shoals.
 17467 | Lair:3   | Found a frozen archway.
 17500 | IceCv    | Entered an ice cave
 18484 | IceCv    | Got the Codex of the Flammable Dead
 21249 | Lair:4   | Reached XP level 14. HP: 133/133 MP: 14/14
 21315 | Lair:4   | Reached skill level 1 in Evocations
 21950 | Lair:5   | Entered Level 5 of the Lair of Beasts
 21950 | Lair:5   | Found a glowing golden altar of the Shining One.
 22297 | Lair:5   | Reached skill level 15 in Fighting
 23043 | Lair:5   | Reached skill level 5 in Evocations
 23068 | Lair:5   | Found a viscous altar of Jiyva.
 23068 | Lair:5   | Found a staircase to the Slime Pits.
 23384 | D:12     | Received a gift from Trog
 23403 | D:12     | Reached skill level 1 in Throwing
 23563 | D:12     | Identified the +0 ring mail of the Moneychanger {Int+6
                  | Stlth+}
 23573 | D:12     | Found a staircase to the Orcish Mines.
 24059 | Orc:1    | Entered Level 1 of the Orcish Mines
 24317 | Orc:1    | Found a runed translucent door.
 24319 | Orc:1    | Noticed Venlufeh's ghost (journeyman CoGl)
 24526 | Orc:2    | Entered Level 2 of the Orcish Mines
 24526 | Orc:2    | Found a staircase to the Elven Halls.
 24742 | Orc:2    | Found a runed translucent gate.
 24743 | Orc:2    | Found a runed translucent gate.
 24745 | Orc:2    | Found a runed translucent gate.
 24759 | Orc:2    | Noticed nakedcarnage's ghost (adept OpWn)
 24903 | Orc:2    | Found a dark tunnel.
 24959 | Volcano  | Entered a volcano
 25045 | Volcano  | Reached skill level 10 in Armour
 25573 | Orc:1    | Reached XP level 15. HP: 137/137 MP: 15/15
 25997 | Orc:2    | Found Jeika's Distillery.
 25997 | Orc:2    | Found Zix Pics's Antique Armour Shoppe.
 25999 | Orc:2    | Found Teaduuwu's Armour Boutique.
 25999 | Orc:2    | Found Atett's Distillery.
 26124 | Orc:2    | Bought a +0 helmet of see invisible for 115 gold pieces
 26335 | D:13     | Identified a scroll of acquirement
 26336 | D:13     | Acquired the ring of Oggiaw Hong {rN++ Will+ EV+5}
 26614 | D:13     | Found a gate to the Vaults.
 26750 | D:13     | You fall into a shaft and drop 1 floor!
 26833 | D:14     | Found a stormy altar of Qazlal.
 27955 | D:14     | Received a gift from Trog
 28141 | D:14     | Reached skill level 5 in Throwing
 28558 | D:15     | Entered Level 15 of the Dungeon
 28627 | D:15     | Found Deotal's Weapon Emporium.
 28944 | D:15     | Found an opulent altar of Gozag.
 29196 | D:15     | Found a staircase to the Depths.
 29698 | D:8      | Killed Erica
 30513 | Temple   | Entered the Ecumenical Temple
 30859 | Spider:1 | Entered Level 1 of the Spider Nest
 31109 | Spider:1 | Reached XP level 16. HP: 155/155 MP: 16/16
 31139 | Spider:1 | Got Sif Muna's Secrets of Flame
 31162 | Spider:1 | Reached XP level 17. HP: 161/161 MP: 17/17
 31175 | Spider:1 | You fall into a shaft and drop 1 floor!
 31753 | Spider:1 | Received a gift from Trog
 32598 | Spider:2 | Reached skill level 15 in Shields
 33365 | Spider:2 | Identified the +2 robe of Qoorghe {rC+ MP+9 Str+6 Int-2}
 34164 | Spider:2 | Reached ****** piety under Trog
 35159 | Spider:3 | Received a gift from Trog
 35882 | Spider:4 | Entered Level 4 of the Spider Nest
 36077 | Spider:3 | Reached XP level 18. HP: 173/173 MP: 6/18
 36857 | Spider:3 | Received a gift from Trog
 37299 | Spider:4 | Identified the +5 leather armour of Xadwo {Int+4}
 38458 | Spider:4 | Identified the +0 pair of gloves "Apegot" {*Slow rElec
                  | rPois}
 38459 | Spider:4 | Identified the +2 hat "Intipt" {Slay+3}
 38478 | Spider:4 | Got a gossamer rune of Zot
 38640 | Shoals:1 | Entered Level 1 of the Shoals
 38832 | Shoals:1 | Reached skill level 15 in Armour
 39201 | Shoals:1 | You fall into a shaft and drop 1 floor!
 39221 | Shoals:2 | Received a gift from Trog
 39259 | Shoals:2 | Noticed Nikola
 39381 | Shoals:2 | Killed Nikola
 39699 | Shoals:1 | Noticed Datibyd's ghost (journeyman GrEE)
 39739 | Shoals:1 | Found a transporter.
 39772 | Shoals:1 | Found a bloodstained altar of Trog.
 39836 | Shoals:1 | Found a transporter.
 40289 | Shoals:2 | Identified the +0 chain mail of Zony {Int+4 Dex-3 Stlth+}
 41632 | Shoals:2 | Identified the +1 scimitar "Zatiy" {holy, *Corrode rC+
                  | Str+2}
 41637 | Shoals:3 | Received a gift from Trog
 41696 | Shoals:3 | Noticed Polyphemus
 42044 | Shoals:3 | Reached XP level 19. HP: 182/183 MP: 19/19
 42134 | Shoals:4 | Entered Level 4 of the Shoals
 42570 | Shoals:4 | Paralysed by an air elemental for 1 turns
 43414 | Shoals:4 | Found a stormy altar of Qazlal.
 43694 | Shoals:4 | Paralysed by an air elemental for 1 turns
 43698 | Shoals:4 | Paralysed by an air elemental for 1 turns
 43871 | Shoals:4 | Paralysed by an air elemental for 1 turns
 43874 | Shoals:4 | Paralysed by an air elemental for 1 turns
 43877 | Shoals:4 | Paralysed by an air elemental for 1 turns
 43998 | Shoals:4 | Received a gift from Trog
 44800 | Lair:5   | Found a burning altar of Makhleb.
 44994 | Lair:5   | Found a gateway to Hell.
 45702 | Vaults:1 | Entered Level 1 of the Vaults
 45893 | Vaults:1 | Found Mioskal's Book Boutique.
 47119 | Vaults:1 | Found Haminiwk's Jewellery Emporium.
 47129 | Vaults:1 | Bought the amulet of the Four Winds {rN+ Will+++ Clar} for
                  | 849 gold pieces
 47129 | Vaults:1 | Found the amulet of the Four Winds {rN+ Will+++ Clar}
 47398 | Vaults:1 | Found Eqoppoergh's Antique Armour Boutique.
 47425 | Vaults:1 | Noticed an ancient lich
 47436 | Vaults:1 | Killed an ancient lich
 47450 | Vaults:1 | Received a gift from Trog
 47731 | Vaults:1 | Found Romi Gie's General Store.
 47735 | Vaults:1 | Bought a phantom mirror for 800 gold pieces
 49253 | Vaults:2 | Reached XP level 20. HP: 190/195 MP: 20/20
 49766 | Vaults:2 | Found a staircase to the Crypt.
 49976 | Vaults:2 | Received a gift from Trog
 50405 | Vaults:2 | Noticed Donald
 50415 | Vaults:2 | Killed Donald
 51481 | Vaults:3 | Found the +4 Cigotuvi's embrace {Corpsefed rMiasma ^Drain
                  | rN+}
 51536 | Vaults:2 | Received a gift from Trog
 52061 | Vaults:4 | Noticed Saint Roka
 52711 | Vaults:3 | Received a gift from Trog
 54284 | Vaults:4 | Noticed Jory
 54289 | Vaults:4 | Killed Jory
 54691 | Vaults:4 | Reached XP level 21. HP: 160/205 MP: 21/21
 55245 | Vaults:4 | Found a large runed translucent door.
 55245 | Vaults:4 | Noticed Zotwa's ghost (adept GnSk)
 55246 | Vaults:4 | Noticed Eldin's ghost (veteran DEHW)
 55246 | Vaults:4 | Found a large runed translucent door.
 55480 | Vaults:4 | Gained mutation: You are frail. (-10% HP) [a neqoxec]
 56200 | Vaults:4 | Reached skill level 15 in Evocations
 57360 | Shoals:2 | Acquired the ring "Peqile" {rElec EV+5 Int+4 Slay+3 SInv}
 57550 | Shoals:3 | Killed Polyphemus
 57631 | Shoals:4 | Paralysed by an air elemental for 1 turns
 57633 | Shoals:4 | Paralysed by an air elemental for 1 turns
 57848 | Shoals:4 | Paralysed by a formless jellyfish for 1 turns
 58076 | Shoals:4 | Identified the +1 halberd of Vefestri {antimagic, rElec
                  | rCorr Str+5} (Trog gifted it to you on level 4 of the
                  | Shoals)
 58076 | Shoals:4 | Received a gift from Trog
 58078 | Shoals:4 | Identified the +6 broad axe of the Hugging Gods {freeze,
                  | Fly rC+ rN+}
 58155 | Shoals:4 | Got Sif Muna's Spellbook of the Mob and Ashes
 58173 | Shoals:4 | Got a barnacled rune of Zot
 60456 | Orc:1    | Killed Venlufeh's ghost
 60579 | Orc:2    | Killed nakedcarnage's ghost
 60595 | Elf:1    | Entered Level 1 of the Elven Halls
 60894 | Elf:1    | Received a gift from Trog
 61211 | Elf:1    | Found Epytuu's General Store.
 61756 | Elf:2    | Found a large runed translucent door.
 61757 | Elf:2    | Found a large runed translucent door.
 61765 | Elf:2    | Gained mutation: You are very frail. (-20% HP) [a neqoxec]
 61941 | Elf:2    | Received a gift from Trog
 61942 | Elf:2    | Reached skill level 10 in Throwing
 62069 | Elf:2    | Noticed Asterion
 62081 | Elf:2    | Killed Asterion
 62118 | Elf:2    | Noticed Qitta's ghost (adept TrFi)
 62263 | Elf:2    | Found a runed translucent door.
 62309 | Elf:2    | Found a runed translucent door.
 62452 | Elf:2    | Noticed Azrael
 62475 | Elf:2    | Killed Azrael
 62587 | Elf:3    | Entered Level 3 of the Elven Halls
 62587 | Elf:3    | Noticed Mara
 62882 | Elf:1    | Bought the amulet of Oqaitaxo {rPois rF+ Regen+} for 819
                  | gold pieces
 62994 | Orc:2    | Bought a potion of mutation for 120 gold pieces
 63564 | Depths:1 | Entered Level 1 of the Depths
 63742 | Depths:1 | Found a one-way gate to the infinite horrors of the Abyss.
 63794 | Depths:1 | Found a one-way gateway to a ziggurat.
 64453 | Depths:2 | Reached XP level 22. HP: 176/176 MP: 22/22
 64949 | Depths:2 | Found a one-way gate leading to the halls of Pandemonium.
 65596 | Depths:2 | Received a gift from Trog
 67359 | Depths:4 | Entered Level 4 of the Depths
 67473 | Depths:4 | Noticed the Enchantress
 67591 | Depths:4 | Noticed Xtahua
 68855 | Elf:3    | Noticed grothendieck's illusion
 68951 | Elf:3    | Noticed grothendieck's illusion
 68957 | Elf:3    | Noticed grothendieck's illusion
 68973 | Elf:3    | Killed Mara
 70028 | Elf:2    | Received a gift from Trog
 70806 | Elf:3    | Reached XP level 23. HP: 134/185 MP: 23/23
 71130 | Elf:3    | Got the Handbook of the Catacomb
 71134 | Elf:3    | Identified the +8 shortbow of Muepneom {flame, rF+ rCorr
                  | Str+4 Stlth-}
 71165 | Elf:3    | Identified the ring "Soz Gosu" {rElec Str+6 Slay+2 Stlth+}
 71278 | Elf:3    | Identified the +4 scale mail "Uwiefo" {+Inv}
 71380 | Elf:3    | Identified the staff "Xyaw" {rC++ Dex+2 Conj}
 71383 | Elf:3    | Identified the +11 sling of Wyrd {drain, rN+ Will+}
 71649 | Vaults:1 | Bought a bloodstained scarf for 310 gold pieces
 71649 | Vaults:1 | Identified the scarf "Ecevvipt" {repulsion, *Slow rElec rF-
                  | Regen+} (You bought it in a shop on level 1 of the Vaults)
 71709 | Vaults:1 | Bought a potion of heal wounds for 100 gold pieces
 71709 | Vaults:1 | Bought 2 scrolls of fog for 160 gold pieces
 72161 | Depths:4 | Killed the Enchantress
 72299 | Depths:4 | Found Reacloda's Book Emporium.
 72301 | Depths:4 | Found Kiozio's Jewellery Boutique.
 72606 | Depths:4 | Found a gate to the Realm of Zot.
 72696 | Depths:4 | Found Guwiuriv's Book Emporium.
 73034 | Depths:4 | Killed Xtahua
 73056 | Depths:4 | Found a glowing golden altar of the Shining One.
 73252 | Depths:4 | Bought the ring "Ycen" {rPois rF+ Will+ Dex+5} for 1152
                  | gold pieces
 73410 | D:15     | Lost mutation: You are very frail. (-20% HP) [potion of
                  | mutation]
 73410 | D:15     | Lost mutation: You are frail. (-10% HP) [potion of
                  | mutation]
 73410 | D:15     | Gained mutation: You have a pair of small horns on your
                  | head. [potion of mutation]
 73410 | D:15     | Gained mutation: Your flesh is heat resistant. (rF+)
                  | [potion of mutation]
 74069 | Shoals:1 | Killed Datibyd's ghost
 74075 | Shoals:1 | Received a gift from Trog
 74098 | Shoals:1 | Identified the +2 helmet of Eclajofo {Will++ Slay+3}
 74336 | Orc:2    | Bought a potion of might for 60 gold pieces
 74622 | Vaults:5 | Entered Level 5 of the Vaults
 74780 | Vaults:5 | Noticed Sojobo
 75027 | Vaults:5 | Paralysed by a hornet for 1 turns
 75102 | Vaults:5 | Killed Saint Roka
 75358 | Vaults:5 | Identified the +1 leather armour "Nigoac" {Dex+4}
 75362 | Vaults:5 | Got a silver rune of Zot
 75451 | Vaults:5 | Identified the amulet "Ihiata Pirch" {Faith Rampage Str+4
                  | Stlth+}
 75615 | Vaults:5 | Noticed a dread lich
 75624 | Vaults:5 | Paralysed by a dread lich for 3 turns
 75635 | Vaults:5 | Killed a dread lich
 75908 | Vaults:5 | Identified the +3 sling of Delicate Integrity {antimagic,
                  | rF+}
 76061 | Vaults:5 | Identified the ring of Xom's Ringing Laughter {rCorr MP+9
                  | Dex+4}
 76238 | Vaults:5 | Identified the +6 flail "Ranoq" {drain, rC+ Will+ Int-4}
 76499 | Vaults:5 | Reached XP level 24. HP: 243/243 MP: 23/23
 76527 | Vaults:5 | Got the Cyclopedia of Blasts
 76687 | Vaults:5 | Identified the ring of Youthful Indiscretion {rElec rPois
                  | rCorr AC+4 Int-3}
 76990 | Vaults:5 | Reached skill level 5 in Dodging
 77119 | Vaults:5 | Identified the +10 halberd "Hydra's Demise" {antimagic,
                  | *Noise rCorr Stlth+}
 77739 | Vaults:5 | Identified the +0 orcbow of Adverse Possession {speed,
                  | Str+7}
 78617 | Zot:1    | Entered Level 1 of the Realm of Zot
 78617 | Zot:1    | Noticed an orb of fire
 78625 | Depths:4 | Gained mutation: You occasionally shout uncontrollably at
                  | your foes. [an orb of fire]
 78631 | Depths:4 | Reached skill level 1 in Invocations
 78791 | Depths:4 | Killed an orb of fire
 79136 | D:11     | Bought 2 potions of lignification for 78 gold pieces
 79575 | Orc:2    | Bought a potion of resistance for 150 gold pieces
 79575 | Orc:2    | Bought a potion of haste for 150 gold pieces
 79575 | Orc:2    | Bought a potion of haste for 150 gold pieces
 79578 | Orc:2    | Bought a potion of resistance for 160 gold pieces
 79868 | Zot:1    | Reached skill level 5 in Invocations
 81029 | Zot:2    | Reached skill level 10 in Invocations
 81134 | Zot:2    | Received a gift from Trog
 82300 | D:5      | Bought a scroll of enchant armour for 75 gold pieces
 83110 | Zot:2    | Noticed an orb of fire
 83242 | Zot:2    | Gained mutation: You are frail. (-10% HP) [an orb of fire]
 83259 | Zot:2    | Gained mutation: Your health recovers twice as slowly from
                  | being drained. [an orb of fire]
 83260 | Zot:2    | Gained mutation: You have supernaturally acute eyesight.
                  | (SInv) [an orb of fire]
 83261 | Zot:2    | Killed an orb of fire
 83545 | Zot:2    | Noticed an orb of fire
 84278 | Zot:3    | You are sucked into a shaft and drop 1 floor!
 84278 | Zot:4    | Noticed an orb of fire
 84279 | Zot:4    | fantastic
 84296 | Zot:4    | Gained mutation: Your magical capacity is low. (-10% MP)
                  | [an orb of fire]
 84307 | Zot:4    | Killed an orb of fire
 84308 | Zot:4    | Reached skill level 15 in Invocations
 84767 | Zot:4    | Reached XP level 25. HP: 223/225 MP: 31/31
 84784 | Zot:4    | Noticed a dread lich
 84801 | Zot:4    | Killed a dread lich
 84880 | Zot:3    | Received a gift from Trog
 85252 | Zot:4    | Noticed a dread lich
 85278 | Zot:4    | Killed a dread lich
 85688 | Zot:3    | Identified the +3 buckler of an ice cave {rF++ Dex-4 SInv
                  | Stlth+}
 86300 | Zot:5    | Entered Level 5 of the Realm of Zot
 86719 | Zot:5    | Noticed a dread lich
 86729 | Zot:5    | Killed a dread lich
 86955 | Zot:5    | Noticed an ancient lich
 86973 | Zot:5    | Killed an ancient lich
 87038 | Zot:5    | Noticed a Killer Klown
 87040 | Zot:5    | Noticed a Killer Klown
 87050 | Zot:5    | Noticed an orb of fire
 87071 | Zot:5    | Gained mutation: You occasionally lose the ability to read
                  | scrolls when taking damage. [an orb of fire]
 87085 | Zot:5    | Gained mutation: You sometimes lose the ability to read
                  | scrolls when taking damage. [an orb of fire]
 87089 | Zot:5    | Killed an orb of fire
 87092 | Zot:5    | Killed a Killer Klown
 87624 | Zot:5    | Lost mutation: You are frail. (-10% HP) [potion of
                  | mutation]
 87624 | Zot:5    | Lost mutation: You occasionally shout uncontrollably at
                  | your foes. [potion of mutation]
 87624 | Zot:5    | Gained mutation: You are agile. (Dex +4, Str/Int -1)
                  | [potion of mutation]
 87624 | Zot:5    | Lost mutation: You are agile. (Dex +4, Str/Int -1) [potion
                  | of mutation]
 87624 | Zot:5    | Gained mutation: You possess an exceptional clarity of
                  | mind. [potion of mutation]
 87624 | Zot:5    | Gained mutation: Your muscles are strong. (Str +4, Int/Dex
                  | -1) [potion of mutation]
 87625 | Zot:5    | Lost mutation: Your magical capacity is low. (-10% MP)
                  | [potion of mutation]
 87625 | Zot:5    | Lost mutation: You possess an exceptional clarity of mind.
                  | [potion of mutation]
 87625 | Zot:5    | Gained mutation: You are dopey. (Int -2) [potion of
                  | mutation]
 87625 | Zot:5    | Gained mutation: Your spells are a little harder to cast,
                  | but a little more powerful. [potion of mutation]
 87658 | Zot:5    | Lost mutation: Your health recovers twice as slowly from
                  | being drained. [potion of mutation]
 87658 | Zot:5    | Lost mutation: You are dopey. (Int -2) [potion of mutation]
 87658 | Zot:5    | Gained mutation: You occasionally lose the ability to drink
                  | potions when taking damage. [potion of mutation]
 87658 | Zot:5    | Gained mutation: Your spells are harder to cast, but more
                  | powerful. [potion of mutation]
 87659 | Zot:5    | Lost mutation: Your spells are harder to cast, but more
                  | powerful. [potion of mutation]
 87659 | Zot:5    | Lost mutation: Your flesh is heat resistant. (rF+) [potion
                  | of mutation]
 87659 | Zot:5    | Lost mutation: You occasionally lose the ability to drink
                  | potions when taking damage. [potion of mutation]
 87659 | Zot:5    | Gained mutation: You have a pair of horns on your head.
                  | [potion of mutation]
 87689 | Zot:5    | Noticed a Killer Klown
 88420 | Zot:5    | Noticed a Killer Klown
 88438 | Zot:5    | Killed a Killer Klown
 88497 | Zot:5    | Killed a Killer Klown
 89367 | Zot:5    | Noticed a Killer Klown
 89408 | Zot:5    | Killed a Killer Klown
 89447 | Zot:5    | Noticed a Killer Klown
 89497 | Zot:5    | Killed a Killer Klown
 89521 | Zot:5    | Noticed an ancient lich
 89531 | Zot:5    | Killed an ancient lich
 89570 | Zot:5    | Noticed a Killer Klown
 89616 | Zot:5    | Killed a Killer Klown
 89725 | Zot:5    | Killed a Killer Klown
 89728 | Zot:5    | Noticed an orb of fire
 89731 | Zot:5    | Gained mutation: You sometimes lose your temper in combat.
                  | [an orb of fire]
 89748 | Zot:5    | Killed an orb of fire
 89801 | Zot:5    | Lost mutation: Your muscles are strong. (Str +4, Int/Dex
                  | -1) [potion of mutation]
 89801 | Zot:5    | Lost mutation: You sometimes lose your temper in combat.
                  | [potion of mutation]
 89801 | Zot:5    | Lost mutation: You have supernaturally acute eyesight.
                  | (SInv) [potion of mutation]
 89801 | Zot:5    | Gained mutation: You are robust. (+10% HP) [potion of
                  | mutation]
 89839 | Zot:5    | Noticed a Killer Klown
 89865 | Zot:5    | Killed a Killer Klown
 91360 | Crypt:1  | Entered Level 1 of the Crypt
 91430 | Crypt:1  | Reached XP level 26. HP: 284/284 MP: 39/39
 91758 | Crypt:1  | Noticed Bai Suzhen
 91982 | Crypt:1  | Received a gift from Trog
 92177 | Crypt:1  | Killed Bai Suzhen
 92632 | Crypt:2  | Identified the staff of the Scroll {rC+ Will++ rCorr Str-5
                  | Ice Alchemy}
 92632 | Crypt:2  | Identified the ring of Xarun {Ice MP+9 Str-2 Int+3 SInv}
 92632 | Crypt:2  | Noticed Josephina
 92889 | Crypt:2  | Killed Josephina
 93077 | Crypt:3  | Entered Level 3 of the Crypt
 93687 | Crypt:3  | Got the Encyclopedia of Carcasses
 93898 | Crypt:3  | Received a gift from Trog
 94014 | Crypt:3  | Found a staircase to the Tomb.
 94209 | Crypt:3  | Noticed a dread lich
 94227 | Crypt:3  | Killed a dread lich
 94247 | Crypt:3  | Identified the amulet "Foilicw" {Reflect Int+5 SH+5 Stlth+}
 94264 | Crypt:3  | Identified the amulet of the Delightful God {Spirit Will++
                  | Str+6}
 94564 | Crypt:3  | Found an ancient bone altar of Kikubaaqudgha.
 95019 | Crypt:3  | Lost mutation: You have a pair of horns on your head.
                  | [potion of mutation]
 95019 | Crypt:3  | Lost mutation: You are robust. (+10% HP) [potion of
                  | mutation]
 95019 | Crypt:3  | Gained mutation: Your movements are slightly less
                  | encumbered by armour. (ER -2) [potion of mutation]
 95020 | Crypt:3  | Lost mutation: Your spells are a little harder to cast, but
                  | a little more powerful. [potion of mutation]
 95020 | Crypt:3  | Lost mutation: Your movements are slightly less encumbered
                  | by armour. (ER -2) [potion of mutation]
 95020 | Crypt:3  | Gained mutation: Your flesh is heat resistant. (rF+)
                  | [potion of mutation]
 95701 | Zot:5    | Got the Orb of Zot
 96334 | D:$      | Escaped with the Orb!

Illustrated notes

#....*#
#..... #####
#...⌠#
#....##....##
#...........#
#...........#
#...........#
#......@....#
#.....z.....#
#...........#
+...........#
#....###...##
#.... #+##
.$.. ....


Turn 84279 on Zot:4: fantastic

Levels and vault maps discovered:
D:1:      dpeg_arrival_oval, layout_basic, ebering_ecumenical_altar_box
D:2:      wander_river, layout_loops_cross, serial_glass, glass_columns_a,
          glass_columns_a, minmay_strange_pillars, feat_on_display,
          due_unseen_surprise, glass_columns_b, uniq_terence,
          uniq_crazy_yiuf_cottage
D:3:      layout_loops_ring, uniq_sigmund
D:4:      layout_rooms, uniq_grinder
D:5:      layout_layer_cave, elyvilon_altar_1, kennysheep_mini_moat,
          mainiacjoe_overflow_divided_tiny, serial_shops, shop
D:6:      layout_basic, nicolae_uskayaw_dance_studio, general_overflow_altar,
          serial_shops, nicolae_shop_gaudy_bauble,
          nicolae_shop_overcharged_wands, uniq_duvessa, uniq_blork_the_orc
D:7:      layout_basic, mainiacjoe_overflow_chevrons,
          mainiacjoe_overflow_boulevard, beargit_hepliaklqana_dungeon_heroes,
          mainiacjoe_overflow_catch_the_wave, minmay_temple_entry_glassed_door,
          enter_bailey_7, minmay_misc_feat_encased, serial_park_tiny_pond,
          dilly_guarded_unrand_devastator, uniq_maggie
D:8:      layout_layer_cave, mainiacjoe_overflow_paths, uniq_erica
D:9:      layout_loops_ring, uniq_harold, uniq_grum
D:10:     layout_irregular_city, serial_library_hellmonk_double_dead_end
D:11:     minmay_separated_statues, layout_loops_cross,
          grunt_lair_entry_orc_guard_hut, serial_shops, shop,
          gauntlet_entry_generic
D:12:     layout_irregular_city, orc_0_dummy
D:13:     layout_loops_corners, lightli_vaults_fourway_checkpoint
D:14:     nzn_winding_woodlands_three_and_one
          [nzn_winding_woodlands_5x15_pathside_ponds,
          nzn_winding_woodlands_5x15_eye, nzn_winding_woodlands_5x15_concentric,
          nzn_winding_woodlands_center_triple_pond], layout_long_grid,
          nicolae_qazlal_style_of_elements, grunt_ogre_cave
D:15:     hangedman_depths_entry_civil_slaughter, layout_basic, serial_shops,
          nicolae_shop_trees, serial_glass, glass_columns_b, glass_columns_b,
          grunt_decor_junction, grunt_gozag_breadcrumbs
Temple:   hellmonk_temple_beads
Lair:1:   layout_misc_corridors, st_stairs_6, grunt_megastairs_1
Lair:2:   layout_cave_pods, nicolae_shoals_entry_flooding,
          spider_nest_entry_rubble, hangedman_lair_generics_rect,
          lemuel_fruit_fields
Lair:3:   layout_cellular_growth, portal_ice_cave_entry_imps, minmay_hedge_maze
Lair:4:   layout_cave_pods, roderic_carrion_pond, serial_bayou_shore_a
Lair:5:   evil_forest, layout_layer_cave, dpeg_slime_entry_enclosed, basic_altar
Shoals:1: layout_shoals, gammafunk_ghost_wrathful_warriors
Shoals:2: nicolae_shoals_lighthouse, layout_shoals, uniq_nikola
Shoals:3: layout_shoals, uniq_polyphemus
Shoals:4: shoals_end_hellmonk_storm_palace [storm_palace_center_ruins,
          storm_palace_corner_pillars, storm_palace_corner_altar,
          storm_palace_corner_blocked, storm_palace_corner_pillars]
Spider:1: layout_chambers, hellmonk_spider_spawner
Spider:2: spiders_nest_scorpion_pit, nicolae_spider_some_kinda_spiderbox
Spider:3: layout_cave_pods
Spider:4: grunt_spider_rune_circles, nicolae_spider_paper_wasps
Orc:1:    layout_caves, ebering_ghost_inner_flame
Orc:2:    grunt_orc_tribal_feast, layout_caves, nicolae_volcano_entry_vermiform,
          ebering_ghost_rock_garden
Elf:1:    elf_arrival_002, layout_loops_cross, serial_shops, shop,
          guppyfry_library_mini, grunt_ministairs_2
Elf:2:    elven_hall_of_blades_hangedman_original
          [nicolae_blade_entry_splitting_headache], layout_onion_city,
          ebering_ghost_disaster_area, lemuel_elevator, uniq_azrael,
          uniq_asterion
Elf:3:    minmay_elf_hall_spiked, layout_geoelf_castle,
          serial_sigils_hangedman_confine, uniq_mara
Vaults:1: nicolae_vaults_murderbox, nicolae_vaults_windows_and_doors_thing,
          nicolae_vaults_oval_intersection, vaults_dpeg_encased_lava,
          nicolae_vaults_cornered_office, nicolae_vaults_surprise_closet,
          v_misc_25, nicolae_vaults_shelves_hall, nicolae_vaults_house_2,
          v_misc_22, ontoclasm_vaults_ring_square, layout_vaults_omnicross,
          serial_shops, shop, nicolae_shop_crystal, nicolae_shop_stone,
          nicolae_shop_back_alley_shop
Vaults:2: ontoclasm_vaults_ring_large, nicolae_vaults_network_star,
          blue_anna_dwarven_crypt, st_hourglassy, grunt_vaults_swirl,
          nicolae_vaults_more_shelving_2, nicolae_vaults_trapezoid_3,
          nicolae_vaults_house_1, v_misc_1, grunt_vaults_bifocal,
          nicolae_vaults_angled_halls, v_misc_27, v_rooms_2, vaults_mumra_lcd,
          nicolae_vaults_house_3, nicolae_vaults_trapezoid_2,
          nicolae_vaults_double_plus_2, layout_vaults_maze_bifur, uniq_margery,
          uniq_donald
Vaults:3: grunt_vaults_focal, nicolae_vaults_tangram_2,
          nicolae_vaults_ninety_degrees, v_misc_1, nicolae_vaults_mitosis,
          nicolae_vaults_quartermaster, nicolae_vaults_border_crossing,
          ontoclasm_vaults_ring_small, nicolae_vaults_door_testing_chamber,
          layout_vaults_big_room
Vaults:4: advil_vaults_ghost_guards, nicolae_vaults_little_squares_3,
          nicolae_vaults_storage_closets_2, vaults_room_pools,
          nicolae_vaults_closet_pinwheel_3, hangedman_vaults_corner,
          nicolae_vaults_storage_room_water, nicolae_vaults_cochlea,
          grunt_vaults_diagonal, layout_vaults_omnigrid, uniq_saint_roka,
          uniq_jory
Vaults:5: uniq_sojobo
Crypt:1:  layout_misc_corridors, grunt_megastairs_4, grunt_crypt_arrival_split,
          uniq_bai_suzhen
Crypt:2:  layout_rooms, uniq_josephina
Crypt:3:  evilmike_haunted_forest
Depths:1: layout_gridlike, enter_ziggurat_c, grunt_decor_cap,
          pf_hell_entry_great_geh, abyss_entry_glasseish,
          nicolae_figureground_pulse
Depths:2: hangedman_hanging_gardens, layout_long_grid, abyss_entry,
          nicolae_wwwww, grunt_metal_band, pan_entry, grunt_ministairs_2,
          minmay_staircase_statues
Depths:3: nicolae_cairo_tiling_very_big, layout_gridlike,
          hangedman_coc_ice_floe, hangedman_abyss_entry_splay
Depths:4: evilmike_zot_entry_basic, layout_gridville, hell_entry,
          tso_metal_star, minivault_11, grunt_megastairs_3, minmay_shop_grove,
          uniq_xtahua, uniq_enchantress
Zot:1:    layout_gridville, hangedman_zot_decor_scrapings,
          regret_index_zotdec_ex
Zot:2:    layout_gridlike, regret_index_zotdec_barnacled_simple, nrook_zot_tub
Zot:3:    layout_cathedral_of_symmetry
Zot:4:    hellmonk_crystal_mountain, layout_gridville,
          regret_index_zotdec_gossamer_gf
Zot:5:    layout_concentric_octagons

Skill      XL: |  1  2  3  4  5  6  7  8  9 10 11 12 13 14 15 16 17 18 19 20 21 22 23 24 25 26 |
---------------+-------------------------------------------------------------------------------+-----
Axes           | 4 5 7 8 9 12 13 15 16 18 | 18.5
Fighting       | 4 5 6 8 9 10 11 12 14 15 17 18 19 20 21 23 24 25 | 25.4
Armour         | 3 5 6 7 10 12 14 15 17 18 19 20 21 22 | 22.3
Shields        | 3 7 11 14 16 17 18 19 20 | 20.3
Evocations     | 6 9 11 12 14 15 16 17 | 17.0
Throwing       | 3 5 6 8 9 10 11 13 | 13.8
Dodging        | 4 5 6 |  6.3
Invocations    | 16 24 25 | 25.5

Action                     |  1- 3 |  4- 6 |  7- 9 | 10-12 | 13-15 | 16-18 | 19-21 | 22-24 | 25-27 || total
---------------------------+-------+-------+-------+-------+-------+-------+-------+-------+-------++-------
  Melee: Hand axe          |   124 |    10 |       |       |       |       |       |       |       ||   134
         Mace              |       |    63 |   136 |    13 |   271 |       |       |       |       ||   483
         Broad axe         |       |       |    81 |   710 |  1297 |  1089 |  1798 |  1828 |  1139 ||  7942
         Shillelagh        |       |       |       |    27 |       |       |       |       |       ||    27
         Headbutt          |       |       |       |       |       |       |       |   351 |   368 ||   719
  Throw: Dart              |       |     7 |     2 |    13 |    13 |    23 |     5 |       |       ||    63
         Throwing net      |       |       |       |     1 |       |       |       |       |       ||     1
         Boomerang         |       |       |       |     2 |    19 |    13 |     2 |     3 |       ||    39
         Javelin           |       |       |       |       |     4 |       |     5 |     9 |     2 ||    20
 Invoke: Berserk           |     4 |     1 |     7 |     8 |     1 |       |     1 |     1 |       ||    23
         Trog's Hand       |       |       |     2 |     4 |    18 |     6 |     3 |     7 |     4 ||    44
         Brothers in Arms  |       |       |       |     1 |     5 |     2 |     6 |    13 |     2 ||    29
  Evoke: Wand              |       |       |       |     2 |    11 |    10 |     4 |     3 |     3 ||    33
         Tin of tremorston |       |       |       |       |       |     4 |     2 |     1 |       ||     7
         Lightning rod     |       |       |       |       |       |     2 |       |     6 |       ||     8
         Phial of floods   |       |       |       |       |       |     1 |     1 |     2 |       ||     4
         Phantom mirror    |       |       |       |       |       |       |     2 |       |       ||     2
         Sack of spiders   |       |       |       |       |       |       |       |     1 |       ||     1
    Use: Scroll            |       |     4 |     3 |    11 |    18 |     3 |     5 |    18 |     4 ||    66
         Potion            |       |       |       |     4 |     1 |     2 |       |     4 |    12 ||    23
   Stab: Invisible         |       |       |       |     5 |       |       |       |       |       ||     5
         Distracted        |       |       |       |     1 |       |     1 |     1 |     3 |     1 ||     7
         Paralysed         |       |       |       |       |       |     8 |       |       |       ||     8
 Armour: Animal skin       |    45 |       |       |       |       |       |       |       |       ||    45
         Leather armour    |    38 |    74 |    88 |       |       |       |       |       |       ||   200
         Chain mail        |       |       |   123 |   543 |  1130 |  1202 |  1261 |   366 |       ||  4625
         Plate armour      |       |       |       |       |       |       |       |   476 |       ||   476
         Gold dragon scale |       |       |       |       |       |       |       |   166 |   502 ||   668
         Skin              |       |       |       |       |       |       |       |       |    54 ||    54
  Dodge: Dodged            |    76 |    55 |   157 |   189 |   403 |   422 |   547 |   757 |   397 ||  3003
         Repelled          |       |       |       |       |       |     7 |   123 |   127 |    49 ||   306
  Block: Kite shield       |       |       |       |   268 |   885 |  1103 |  1212 |  1001 |   573 ||  5042
         Reflection        |       |       |       |       |       |    19 |    11 |       |       ||    30

Table legend: (Time is in decaauts)
 A = Elapsed time spent in this place.
 B = Non-inter-level travel time spent in this place.
 C = Inter-level travel time spent in this place.
 D = Time resting spent in this place.
 E = Time spent auto-exploring this place.
 F = Levels seen in this place.
 G = Mean time per level.
                   A        B        C        D        E       F      G
               +--------+--------+--------+--------+--------+-----+--------+
         Total |  96717 |  81308 |  15409 |  16493 |  18786 |  54 | 1791.1 |
       Dungeon |  21816 |  16663 |   5153 |   3333 |   6082 |  15 | 1454.4 |
        Temple |      1 |      1 |      0 |      0 |      0 |   1 |    1.0 |
          Lair |   9144 |   7943 |   1201 |   1471 |   2595 |   5 | 1828.8 |
        Shoals |   9440 |   8896 |    544 |   2302 |    681 |   4 | 2360.0 |
   Spider Nest |   8683 |   7198 |   1485 |   1026 |   1239 |   4 | 2170.8 |
  Orcish Mines |   2633 |   1834 |    799 |    101 |    497 |   2 | 1316.5 |
   Elven Halls |   5288 |   4602 |    686 |    897 |    711 |   3 | 1762.7 |
        Vaults |  15971 |  13577 |   2394 |   4013 |   1579 |   5 | 3194.2 |
         Crypt |   3556 |   3384 |    172 |    235 |   1010 |   3 | 1185.3 |
        Depths |   6975 |   5052 |   1923 |    773 |   1154 |   4 | 1743.8 |
           Zot |  10121 |   9073 |   1048 |    984 |   2834 |   5 | 2024.2 |
      Ice Cave |   1765 |   1765 |      0 |    809 |     49 |   1 | 1765.0 |
       Volcano |    310 |    310 |      0 |     20 |     86 |   1 |  310.0 |
      Gauntlet |   1007 |   1007 |      0 |    526 |    268 |   1 | 1007.0 |
               +--------+--------+--------+--------+--------+-----+--------+

Top non-repeatable levels by time:
   Zot:5: 4624 daAuts
Vaults:1: 3576 daAuts
Vaults:2: 3456 daAuts
Vaults:5: 3056 daAuts
Vaults:3: 3009 daAuts
Vaults:4: 2872 daAuts
   Elf:3: 2846 daAuts
Shoals:4: 2812 daAuts
Shoals:2: 2804 daAuts
  Lair:2: 2637 daAuts
Spider:1: 2380 daAuts
Spider:3: 2284 daAuts
Depths:2: 2067 daAuts
Spider:2: 2032 daAuts
Shoals:1: 1992 daAuts
